 Dungeon Crawl Stone Soup version 0.28.0-47-ge53b351184 (webtiles) character file.

Game seed: 10610553570860279704

2739 101zpm the Thaumaturge (level 10, -8/63 HPs)
             Began as a Djinni Fire Elementalist on May 5, 2022.
             Was an Initiate of Hepliaklqana.
             Mangled by a centaur warrior
             ... wielding a staff of conjuration
              (10 damage)
             ... on level 8 of the Dungeon.
             The game lasted 00:21:42 (11440 turns).

101zpm the Thaumaturge (Djinni Fire Elementalist)  Turns: 11440, Time: 00:21:42

Health: -8/63      AC:  3    Str:  7    XL:     10   Next: 0%
Gold:   413        EV: 12    Int: 28    God:    Hepliaklqana [......] SH:  0 Dex: 14

rFire   + + .      SeeInvis .   a - +7 Throatcutter {drain, coup de grace}
rCold   x . .      Faith    .   (no shield)
rNeg    . . .      Spirit   .   q - +1 robe of the Apothecary {rCorr Int+7}
rPois   ∞          Reflect  .   (no helmet)
rElec   .          Harm     .   (no cloak)
rCorr   +          Rampage  .   (no gloves)
Will    +....                   (boots unavailable)
Stlth   ++........              (no amulet)
HPRegen 0.20/turn               (no ring)
MPRegen 0.00/turn               (no ring)

@: about to teleport, flying
A: sickness immunity, fire resistance 2, cold vulnerability 1, float, innate
caster, HP casting, extra vitality 1
a: Renounce Religion


You were on level 8 of the Dungeon.
You worshipped Hepliaklqana.
Hepliaklqana was noncommittal.
You visited 2 branches of the dungeon, and saw 10 of its levels.

You collected 413 gold pieces.

Inventory:

Hand Weapons
 a - the +7 Throatcutter (weapon) {drain, coup de grace}
   (You found it on level 3 of the Dungeon)

   A truly terrible weapon, it drains the life of any living foe it strikes.
   It may instantly kill foes which have little health.
Armour
 q - the +1 robe of the Apothecary (worn) {rCorr Int+7}
   (You found it on level 4 of the Dungeon)

   Int:       It affects your intelligence (+7).
   rCorr:     It protects you from acid and corrosion.
Jewellery
 p - a ring of fire
 w - a ring of wizardry
Wands
 v - a wand of iceblast (9)
Scrolls
 b - 6 scrolls of identify {unknown}
 d - 2 scrolls of vulnerability {unknown}
 e - a scroll of amnesia {unknown}
 g - 2 scrolls of brand weapon {unknown}
 i - a scroll of enchant armour {unknown}
 k - 2 scrolls of enchant weapon {unknown}
 l - a scroll of noise {unknown}
 n - 2 scrolls of blinking {unknown}
 o - a scroll of immolation {unknown}
 r - a scroll of magic mapping {unknown}
 t - 3 scrolls of teleportation
 x - a scroll of fear {unknown}
 y - a scroll of torment {unknown}
Potions
 c - 4 potions of curing {unknown}
 f - a potion of attraction {unknown}
 h - a potion of heal wounds {unknown}
 j - a potion of flight {unknown}
 m - a potion of berserk rage {unknown}
 s - 2 potions of mutation {unknown}
 u - a potion of degeneration {unknown}


   Skills:
 + Level 1.4 Fighting
 + Level 0.4 Long Blades
 + Level 2.5 Dodging
 + Level 3.2 Stealth
 + Level 9.9 Spellcasting


You had 7 spell levels left.
You knew the following spells:

 Your Spells              Type           Power      Damage    Failure   Level
a - Foxfire               Conj/Fire      100%       2x1d9     1%          1
b - Scorch                Fire           100%       2d10      1%          2
c - Conjure Flame         Conj/Fire      62%        6-21      1%          3
d - Inner Flame           Hex/Fire       62%        N/A       1%          3
e - Flame Wave            Conj/Fire      62%        2d12      1%          4
f - Pain                  Necr           100%       1d9       1%          1
g - Wereblood             Tmut           62%        N/A       1%          2
h - Passwall              Tmut/Erth      51%        N/A       1%          2
i - Lesser Beckoning      Tloc           62%        N/A       1%          3
Your spell library was empty.

Dungeon Overview and Level Annotations

Branches:
Dungeon (9/15)             Temple (1/1) D:7            Lair (0/6) D:8
    Orc: D:9-12

Altars:
Ashenzari
Cheibriados
Dithmenos
Elyvilon
Fedhas
Gozag
Hepliaklqana
Kikubaaqudgha
Makhleb
Nemelex Xobeh
Okawaru
Qazlal
Ru
Sif Muna
Trog
Uskayaw
Vehumet
Wu Jian
Xom
Yredelemnul
Zin
The Shining One

Shops:
D:3 :   D:8 !


Innate Abilities, Weirdness & Mutations

You are immune to sickness and miasma.
You are immune to poison.
Your flesh is very heat resistant. (rF++)
You are vulnerable to cold. (rC-)
You float through the air rather than walking.
You learn spells naturally, not from books.
Your magical power is your life essence.
You have superior vitality. (+4 MHP)


Message History

Casting: Foxfire (safe; 1% risk of failure)
Confirm with . or Enter, or press ? or * to list all spells.
Aiming: Inner Flame (safe; 1% risk of failure)
Press: ? - help, Dir - move target, f - centaur warrior
Aim: a centaur warrior, wielding a staff of conjuration and quivering arrows (lightly wounded, ally target, chance to affect: 88%)
The centaur warrior is filled with an inner flame.
The foxfire hits the centaur warrior.
Flame seeps out of the centaur warrior.
The centaur warrior is lightly wounded.
The centaur warrior is engulfed in blazing flames.
Flame seeps out of the centaur warrior.
The centaur warrior hits you with a staff of conjuration!
The centaur warrior kicks you.
Casting: Inner Flame (safe; 1% risk of failure)
Confirm with . or Enter, or press ? or * to list all spells.
Flames lash the centaur warrior.
Flame seeps out of the centaur warrior.
The centaur warrior is moderately wounded.
The centaur warrior's fire resistance burns away.
The centaur warrior is engulfed in blazing flames.
Flame seeps out of the centaur warrior.
The centaur warrior hits you with a staff of conjuration!
* * * LOW HITPOINT WARNING * * *
The centaur warrior blasts you.
* * * LOW HITPOINT WARNING * * *
The centaur warrior kicks you but does no damage.
The centaur warrior is engulfed in blazing flames.
Flame seeps out of the centaur warrior.
The centaur warrior hits you with a staff of conjuration.
* * * LOW HITPOINT WARNING * * *
The centaur warrior kicks you.
* * * LOW HITPOINT WARNING * * *
Okay, then.
Unknown command.
Okay, then.
Okay, then.
As you read the scroll labelled BITERE GEGOC, it crumbles to dust.
You feel strangely unstable.
It was a scroll of teleportation.
The centaur warrior is engulfed in blazing flames.
Flame seeps out of the centaur warrior.
The centaur warrior hits you with a staff of conjuration!
You die...

########## #@....)..#
############c######.#
##............# #.#
###...########### #.#
#.......# ..#
##.#...#.####.. )#.H
............... .....
#...#......>... ##
.... .......#.####.^
... ....


You could see a centaur warrior (inner flame, combustible).

Vanquished Creatures
  A manticore (D:8)
  An unseen horror (D:8)
  A wyvern (D:8)
  2 water moccasins
  A sky beast (D:5)
  An ogre (D:6)
  2 centaurs
  A kobold brigand (D:8)
  A scorpion (D:5)
  6 killer bees (D:9)
  A howler monkey (D:5)
  A crimson imp (D:5)
  4 hounds
  2 centaur skeletons (D:5)
  7 orc priests
  A jelly (D:8)
  A gnoll shaman (D:4)
  3 bullfrog skeletons
  4 orc wizards
  2 hound zombies (D:5)
  A hound skeleton (D:4)
  3 gnolls (D:2)
  A howler monkey skeleton (D:5)
  9 adders
  3 shadow imps
  A white imp (D:5)
  An adder zombie (D:5)
  2 dart slugs
  18 orcs
  6 ball pythons
  10 endoplasms
  7 goblins
  7 hobgoblins
  3 jackals (D:5)
  13 kobolds
  3 quokkas (D:1)
  9 bats
  3 frilled lizards (D:1)
  5 rats
148 creatures vanquished.

Vanquished Creatures (others)
  673 foxfires
  2 fungi (D:8)
  8 plants (D:8)
683 creatures vanquished.

Grand Total: 831 creatures vanquished

Notes
Turn   | Place    | Note
-------+----------+-------------------------------------------
     0 | D:1      | 101zpm the Djinni Fire Elementalist began the quest for the
                  | Orb.
     0 | D:1      | Reached XP level 1. HP: 15/15 MP: 0/0
     3 | D:1      | Noticed an electric eel
     4 | D:1      | Noticed an electric eel
   404 | D:1      | Reached XP level 2. HP: 15/21 MP: 0/0
   845 | D:1      | Reached skill level 3 in Spellcasting
  1286 | D:1      | Reached XP level 3. HP: 21/25 MP: 0/0
  1286 | D:1      | Learned a level 1 spell: Pain
  2337 | D:2      | Reached XP level 4. HP: 16/31 MP: 0/0
  3369 | D:3      | Found the +7 Throatcutter {drain, coup de grace}
  3431 | D:3      | Found a faded altar of an unknown god.
  3639 | D:3      | Reached XP level 5. HP: 33/35 MP: 0/0
  3639 | D:3      | Learned a level 2 spell: Wereblood
  4125 | D:3      | Reached skill level 4 in Spellcasting
  4493 | D:3      | Found Zeerch's Book Shop.
  5292 | D:4      | Reached XP level 6. HP: 22/40 MP: 0/0
  6066 | D:4      | Found a shadowy altar of Dithmenos.
  6372 | D:4      | Reached skill level 5 in Spellcasting
  6651 | D:5      | Entered Level 5 of the Dungeon
  6651 | D:5      | Noticed a sky beast
  6654 | D:5      | Killed a sky beast
  6655 | D:5      | Reached XP level 7. HP: 32/45 MP: 0/0
  6655 | D:5      | Learned a level 2 spell: Passwall
  6791 | D:4      | Identified the +1 robe of the Apothecary {rCorr Int+7}
  7361 | D:5      | Reached skill level 6 in Spellcasting
  7419 | D:5      | Reached XP level 8. HP: 22/50 MP: 0/0
  8196 | D:6      | Reached skill level 1 in Fighting
  8219 | D:6      | Reached skill level 7 in Spellcasting
  9130 | D:6      | You are sucked into a shaft and drop 3 floors!
  9183 | D:9      | Reached skill level 8 in Spellcasting
  9183 | D:9      | Reached XP level 9. HP: 13/57 MP: 0/0
  9183 | D:9      | Learned a level 3 spell: Lesser Beckoning
  9514 | D:8      | Found Ighoudaf's Distillery.
 10019 | D:7      | Found a staircase to the Ecumenical Temple.
 10033 | Temple   | Entered the Ecumenical Temple
 10284 | Temple   | Became a worshipper of Hepliaklqana the Forgotten
 10550 | D:8      | Reached skill level 9 in Spellcasting
 10738 | D:8      | Found a staircase to the Lair.
 11203 | D:8      | Killed an unseen horror
 11228 | D:8      | Noticed a manticore
 11241 | D:8      | Killed a manticore
 11242 | D:8      | Reached XP level 10. HP: 8/63 MP: 0/0
 11436 | D:8      | Noticed a centaur warrior
 11439 | D:8      | HP: 2/63 [centaur warrior/staff of conjuration (2)]
 11440 | D:8      | Mangled by a centaur warrior

Illustrated notes

Levels and vault maps discovered:
D:1:      arrival_aquarium_b, layout_basic, chequers_serial_rivers_micro_e,
          minivault_24
D:2:      layout_basic
D:3:      minmay_chambers_of_twos, layout_loops_corners, basic_ecumenical_altar,
          serial_shops, nicolae_shop_hallway_plus, grunt_decor_cap
D:4:      layout_rooms, grunt_dithmenos_smoke, minmay_diced_spiral
D:5:      lemuel_ice_spiral_2, layout_rooms, minmay_fire_ice_demons
D:6:      layout_basic
D:7:      layout_loops_ring, minmay_temple_entry_waves, serial_shops, shop
D:8:      layout_loops_ring, dpeg_oklobed_lair, serial_shops,
          nicolae_stop_n_shop_2, minmay_radiant
D:9:      layout_stronghold, uniq_pikel
Temple:   mainiacjoe_temple_hex_bubbles

Skill      XL: |  1  2  3  4  5  6  7  8  9 |
---------------+----------------------------+-----
Spellcasting   | 3 4 5 6 8 9 |  9.9
Stealth        | 2 3 |  3.2
Fighting       | 1 |  1.4
Long Blades    | |  0.4
Dodging        | |  2.5

Action                   |  1- 3 |  4- 6 |  7- 9 | 10-12 || total
-------------------------+-------+-------+-------+-------++-------
Melee: Unarmed           |     1 |     1 |       |       ||     2
       Long sword        |       |       |     4 |       ||     4
 Cast: Foxfire           |   113 |   171 |   150 |     2 ||   436
       Scorch            |     7 |    16 |    29 |     1 ||    53
       Inner Flame       |       |    26 |    60 |     2 ||    88
       Wereblood         |       |     1 |     5 |       ||     6
  Use: Scroll            |       |       |       |     1 ||     1
Armor: Robe              |     2 |     1 |     5 |     1 ||     9
Dodge: Dodged            |     1 |     6 |     9 |     1 ||    17
